[ AOE2 MATCH · #504939595 ]
UnrankedVietnamese vs Bengalis
[ REPLAY ANALYSIS · EXTRACTED FROM THE RECORDED GAME ]
Feudal
13:59
Castle
22:08
Imperial
—
| APM avg | 63.5 |
| APM peak | 114 |
| eAPM avg | 30.3 |
| Villagers / military | 43 / 25 |
Focus
⚔️ 68.5% · 🌾 31.5%
Militia ×22 · Spearman ×3
Feudal
9:28
Castle
—
Imperial
—
| APM avg | 55.9 |
| APM peak | 94 |
| eAPM avg | 24.7 |
| Villagers / military | 49 / 18 |
Focus
⚔️ 55.4% · 🌾 44.6%
Scout Cavalry ×7 · Archer ×6 · Skirmisher ×5
Match map
Initial resources + every placement click. Lines = walls · curves = elevation contours. ◆ gold · ⬟ stone · ● berries · ✦ relic · ◌ wall gap
Your base· ✓ Closed at 22:08 · 22t walls · 1 gate(s)
HR Benjamin Eufracio's base· Open — opponent sealed themselves in
Smoothed initial terrain · ◌ = detected wall gap · hover for details
Inputs per minute
— Dr. Wiley!!! - - HR Benjamin Eufracio
Build order — Dr. Wiley!!!
First 150 of 154 actions detected
| 0:00 | Queue | Villager (Male) |
| 0:00 | Queue | Villager (Male) |
| 0:02 | Build | House |
| 0:03 | Build | House |
| 0:08 | Queue | Villager (Male) |
| 0:13 | Queue | Villager (Male) |
| 1:11 | Queue | Villager (Male) |
| 1:53 | Queue | Villager (Male) |
| 2:14 | Queue | Villager (Male) |
| 2:42 | Queue | Villager (Male) |
| 2:58 | Queue | Villager (Male) |
| 3:10 | Build | Barracks |
| 3:16 | Build | House |
| 3:19 | Queue | Villager (Male) |
| 3:26 | Build | Palisade Wall |
| 3:27 | Build | Palisade Wall |
| 3:28 | Build | Palisade Wall |
| 3:35 | Queue | Villager (Male) |
| 4:05 | Queue | Militia |
| 4:20 | Build | House |
| 4:23 | Queue | Militia ×2 |
| 4:30 | Queue | Villager (Male) |
| 4:48 | Queue | Villager (Male) |
| 5:13 | Queue | Villager (Male) |
| 5:19 | Queue | Villager (Male) |
| 5:21 | Build | Palisade Wall |
| 5:28 | Queue | Militia |
| 5:35 | Build | Palisade Wall |
| 5:35 | Build | Palisade Wall |
| 5:36 | Build | Palisade Wall |
| 5:41 | Build | House |
| 5:43 | Queue | Villager (Male) |
| 6:09 | Queue | Militia |
| 6:11 | Build | House |
| 6:25 | Queue | Villager (Male) |
| 6:30 | Build | House |
| 6:32 | Queue | Villager (Male) |
| 6:53 | Queue | Villager (Male) |
| 6:57 | Build | Lumber Camp |
| 7:05 | Queue | Villager (Male) |
| 7:19 | Build | Palisade Wall |
| 7:21 | Build | Palisade Wall |
| 7:26 | Build | House |
| 7:59 | Build | Palisade Wall |
| 8:00 | Build | Palisade Wall |
| 8:04 | Queue | Villager (Male) |
| 8:16 | Queue | Villager (Male) |
| 8:32 | Queue | Villager (Male) |
| 8:52 | Build | Mill |
| 9:15 | Build | Mining Camp |
| 9:17 | Queue | Villager (Male) |
| 9:30 | Build | House |
| 9:48 | Queue | Villager (Male) |
| 10:03 | Queue | Villager (Male) |
| 10:18 | Queue | Villager (Male) |
| 10:21 | Build | Farm |
| 10:21 | Build | Farm |
| 10:21 | Build | Farm |
| 10:22 | Build | Farm |
| 10:22 | Build | Farm |
| 10:28 | Build | House |
| 10:30 | Queue | Villager (Male) |
| 10:48 | Build | Farm |
| 10:57 | Build | Palisade Wall |
| 11:10 | Research | Loom |
| 11:25 | Build | Farm |
| 11:41 | Build | Palisade Wall |
| 11:49 | Research | Feudal Age |
| 12:06 | Build | House |
| 12:13 | Build | House |
| 12:22 | Queue | Militia |
| 12:22 | Queue | Militia |
| 12:27 | Build | House |
| 12:32 | Build | Palisade Wall |
| 12:33 | Build | Palisade Wall |
| 12:50 | Queue | Villager (Male) |
| 13:02 | Queue | Villager (Male) |
| 13:04 | Build | Mill |
| 13:07 | Build | Farm |
| 13:17 | Queue | Militia |
| 13:17 | Queue | Militia |
| 13:21 | Build | House |
| 13:59 | Age | Feudal Age |
| 14:01 | Research | Man-at-Arms (upgrade) |
| 14:02 | Queue | Villager (Male) |
| 14:04 | Build | House |
| 14:17 | Build | Mill |
| 14:26 | Queue | Villager (Male) |
| 14:56 | Queue | Villager (Male) |
| 14:59 | Build | House |
| 15:04 | Queue | Villager (Male) |
| 15:11 | Build | Farm |
| 15:12 | Build | Farm |
| 15:18 | Build | Palisade Wall |
| 15:19 | Build | Palisade Wall |
| 15:47 | Queue | Spearman |
| 15:48 | Queue | Spearman |
| 15:55 | Build | House |
| 16:04 | Build | Palisade Gate |
| 16:12 | Build | House |
| 16:13 | Build | Palisade Wall |
| 16:29 | Queue | Villager (Male) |
| 17:13 | Queue | Villager (Male) |
| 17:19 | Build | Lumber Camp |
| 17:26 | Build | House |
| 17:32 | Queue | Villager (Male) |
| 17:34 | Research | Double-Bit Axe |
| 17:44 | Research | Arson |
| 17:44 | Research | Arson |
| 17:48 | Queue | Spearman |
| 17:52 | Build | House |
| 18:12 | Queue | Villager (Male) |
| 18:22 | Build | Market |
| 18:36 | Build | House |
| 18:38 | Queue | Villager (Male) |
| 18:51 | Build | Blacksmith |
| 18:52 | Queue | Villager (Male) |
| 18:54 | Build | House |
| 19:20 | Build | Farm |
| 19:24 | Research | Castle Age |
| 19:30 | Research | Scale Mail Armor |
| 19:31 | Research | Forging |
| 19:42 | Build | Mill |
| 19:52 | Queue | Villager (Male) |
| 20:19 | Build | Watch Tower |
| 20:27 | Queue | Militia |
| 20:27 | Queue | Militia |
| 20:32 | Build | Barracks |
| 20:49 | Queue | Militia |
| 21:06 | Build | Barracks |
| 21:17 | Queue | Militia |
| 21:22 | Build | Lumber Camp |
| 21:26 | Queue | Militia ×5 |
| 21:53 | Queue | Militia ×3 |
| 21:57 | Build | Barracks |
| 22:08 | Age | Castle Age |
| 22:13 | Research | Long Swordsman (upgrade) |
| 22:13 | Research | Squires |
| 22:35 | Queue | Villager (Male) |
| 22:50 | Research | Chain Mail Armor |
| 22:52 | Build | Farm |
| 22:53 | Build | Farm |
| 22:55 | Build | Farm |
| 22:56 | Build | Farm |
| 22:56 | Build | Farm |
| 22:57 | Queue | Militia |
| 23:13 | Queue | Villager (Male) |
| 23:30 | Build | Barracks |
| 23:33 | Build | Farm |
| 23:33 | Build | Farm |
Build order — HR Benjamin Eufracio
131 actions detected in the replay
| 0:01 | Queue | Villager (Male) ×4 |
| 0:02 | Build | House |
| 0:04 | Build | House |
| 0:20 | Build | House |
| 1:23 | Queue | Villager (Male) |
| 1:24 | Queue | Villager (Male) |
| 1:47 | Build | Lumber Camp |
| 2:00 | Queue | Villager (Male) |
| 2:22 | Queue | Villager (Male) |
| 2:48 | Queue | Villager (Male) |
| 3:14 | Queue | Villager (Male) |
| 3:31 | Queue | Villager (Male) |
| 3:32 | Queue | Villager (Male) |
| 3:51 | Build | House |
| 3:58 | Queue | Villager (Male) |
| 4:23 | Queue | Villager (Male) |
| 4:24 | Queue | Villager (Male) |
| 4:25 | Queue | Villager (Male) |
| 5:07 | Research | Loom |
| 5:22 | Build | Barracks |
| 5:24 | Queue | Villager (Male) |
| 5:36 | Queue | Villager (Male) |
| 5:50 | Build | House |
| 6:02 | Queue | Villager (Male) |
| 6:05 | Research | Loom |
| 6:48 | Queue | Villager (Male) |
| 7:18 | Research | Feudal Age |
| 8:22 | Build | House |
| 8:42 | Build | House |
| 8:47 | Queue | Villager (Male) |
| 9:28 | Age | Feudal Age |
| 9:34 | Build | Stable |
| 9:43 | Queue | Villager (Male) |
| 9:53 | Build | Mill |
| 10:16 | Queue | Villager (Male) |
| 10:22 | Queue | Scout Cavalry |
| 10:22 | Queue | Scout Cavalry |
| 10:22 | Queue | Scout Cavalry |
| 10:30 | Build | Farm |
| 10:31 | Build | Farm |
| 10:32 | Build | Farm |
| 10:32 | Build | Farm |
| 10:35 | Queue | Villager (Male) |
| 10:48 | Queue | Villager (Male) |
| 11:00 | Build | Farm |
| 11:07 | Queue | Scout Cavalry |
| 11:12 | Build | House |
| 11:14 | Build | House |
| 11:23 | Queue | Villager (Male) |
| 11:50 | Build | House |
| 11:58 | Build | Watch Tower |
| 12:05 | Queue | Villager (Male) |
| 12:05 | Queue | Villager (Male) |
| 12:19 | Build | Farm |
| 12:21 | Build | Farm |
| 12:32 | Build | Farm |
| 12:32 | Queue | Villager (Male) |
| 12:57 | Queue | Villager (Male) |
| 13:01 | Build | Mining Camp |
| 13:24 | Build | Mining Camp |
| 13:28 | Queue | Villager (Male) |
| 13:35 | Queue | Scout Cavalry |
| 13:54 | Build | Palisade Wall |
| 14:21 | Queue | Villager (Male) |
| 14:22 | Queue | Villager (Male) |
| 14:40 | Build | Blacksmith |
| 14:52 | Build | Mining Camp |
| 15:10 | Queue | Villager (Male) |
| 15:17 | Queue | Scout Cavalry |
| 15:18 | Queue | Scout Cavalry |
| 15:39 | Queue | Villager (Male) |
| 15:41 | Build | Farm |
| 15:43 | Build | Farm |
| 15:44 | Build | Farm |
| 15:45 | Research | Forging |
| 15:45 | Research | Forging |
| 16:12 | Queue | Villager (Male) |
| 16:13 | Queue | Villager (Male) |
| 16:35 | Build | Archery Range |
| 16:42 | Build | Stone Wall |
| 16:47 | Build | Stone Wall |
| 16:55 | Build | Stone Wall |
| 16:57 | Build | Stone Wall |
| 17:06 | Queue | Villager (Male) |
| 17:06 | Queue | Villager (Male) |
| 17:23 | Queue | Villager (Male) |
| 17:24 | Queue | Archer |
| 17:39 | Build | Farm |
| 17:49 | Queue | Skirmisher |
| 17:50 | Queue | Skirmisher |
| 17:50 | Queue | Skirmisher |
| 18:13 | Queue | Villager (Male) |
| 18:23 | Queue | Skirmisher |
| 18:30 | Build | House |
| 18:31 | Build | House |
| 18:50 | Build | Farm |
| 18:58 | Build | House |
| 19:10 | Research | Fletching |
| 19:11 | Queue | Villager (Male) |
| 19:18 | Queue | Skirmisher |
| 19:19 | Build | Farm |
| 19:23 | Build | Lumber Camp |
| 19:25 | Build | Lumber Camp |
| 19:39 | Queue | Archer |
| 19:40 | Queue | Villager (Male) |
| 19:41 | Queue | Villager (Male) |
| 19:51 | Queue | Villager (Male) |
| 19:52 | Build | Farm |
| 19:53 | Build | Farm |
| 20:10 | Queue | Villager (Male) |
| 20:13 | Build | Lumber Camp |
| 20:25 | Queue | Archer |
| 20:27 | Queue | Villager (Male) |
| 20:32 | Build | Archery Range |
| 20:39 | Queue | Villager (Male) |
| 21:04 | Build | Mill |
| 21:10 | Queue | Villager (Male) |
| 21:13 | Queue | Archer |
| 21:19 | Build | Farm |
| 21:20 | Build | Farm |
| 21:23 | Build | Farm |
| 22:02 | Queue | Archer |
| 22:03 | Queue | Archer |
| 22:05 | Build | House |
| 22:29 | Build | Mining Camp |
| 23:10 | Build | Stone Wall |
| 23:11 | Build | Stone Wall |
| 23:12 | Build | Stone Wall |
| 23:14 | Build | House |
| 23:29 | Build | Farm |
| 23:30 | Build | Farm |
Match timeline
| 3:10 | Dr. Wiley!!! · first_building Barracks |
| 3:26 | Dr. Wiley!!! · wall_segment Palisade Wall x1 |
| 3:27 | Dr. Wiley!!! · wall_segment Palisade Wall x1 |
| 3:28 | Dr. Wiley!!! · wall_segment Palisade Wall x1 |
| 5:21 | Dr. Wiley!!! · wall_segment Palisade Wall x1 |
| 5:22 | HR Benjamin Eufracio · first_building Barracks |
| 5:35 | Dr. Wiley!!! · wall_segment Palisade Wall x1 |
| 5:35 | Dr. Wiley!!! · wall_segment Palisade Wall x1 |
| 5:36 | Dr. Wiley!!! · wall_segment Palisade Wall x1 |
| 7:19 | Dr. Wiley!!! · wall_segment Palisade Wall x1 |
| 7:21 | Dr. Wiley!!! · wall_segment Palisade Wall x1 |
| 7:59 | Dr. Wiley!!! · wall_segment Palisade Wall x1 |
| 8:00 | Dr. Wiley!!! · wall_segment Palisade Wall x1 |
| 9:28 | HR Benjamin Eufracio · age_up feudal |
| 9:34 | HR Benjamin Eufracio · first_building Stable |
| 10:57 | Dr. Wiley!!! · wall_segment Palisade Wall x6 |
| 11:41 | Dr. Wiley!!! · wall_segment Palisade Wall x1 |
| 12:32 | Dr. Wiley!!! · wall_segment Palisade Wall x1 |
| 12:33 | Dr. Wiley!!! · wall_segment Palisade Wall x1 |
| 13:54 | HR Benjamin Eufracio · wall_segment Palisade Wall x1 |
| 13:59 | Dr. Wiley!!! · age_up feudal |
| 15:18 | Dr. Wiley!!! · wall_segment Palisade Wall x1 |
| 15:19 | Dr. Wiley!!! · wall_segment Palisade Wall x1 |
| 16:13 | Dr. Wiley!!! · wall_segment Palisade Wall x1 |
| 16:35 | HR Benjamin Eufracio · first_building Archery Range |
| 16:42 | HR Benjamin Eufracio · wall_segment Stone Wall x1 |
| 16:47 | HR Benjamin Eufracio · wall_segment Stone Wall x1 |
| 16:55 | HR Benjamin Eufracio · wall_segment Stone Wall x1 |
| 16:57 | HR Benjamin Eufracio · wall_segment Stone Wall x1 |
| 22:08 | Dr. Wiley!!! · age_up castle |
| 22:49 | Dr. Wiley!!! · first_market_buy 100 food |
| 23:10 | HR Benjamin Eufracio · wall_segment Stone Wall x1 |
| 23:11 | HR Benjamin Eufracio · wall_segment Stone Wall x1 |
| 23:12 | HR Benjamin Eufracio · wall_segment Stone Wall x1 |
| 23:43 | HR Benjamin Eufracio · resign |
[ AI ANALYSIS · 1 CREDIT ]
What really happened in this match?
Wolo.gg analyzes every decision: build order, eco, micro, common mistakes by bracket. Personalized analysis on WhatsApp or Discord in 30 seconds.
Civ guide
Vietnamese
Perfil
Red Phosphoru (MALAY MALAY MALAY!!!)